 Dungeon Crawl Stone Soup version 0.24.0-10-g970556be89 (console) character file.

Game seed: 12585084881588465762, levelgen mode: deterministic

110 AlterAsc the Changer (level 4, -6/28 HPs)
             Began as an Octopode Transmuter on Nov 4, 2019.
             Succumbed to barbed spike wounds
             ... on level 6 of the Dungeon.
             The game lasted 00:05:39 (1845 turns).

AlterAsc the Changer (Octopode Transmuter)          Turns: 1845, Time: 00:05:39

Health: -6/28      AC:  2    Str: 10    XL:     4   Next: 91%
Magic:  6/8        EV: 20    Int: 15    God:
Gold:   67         SH:  0    Dex: 17    Spells: 2/8 levels left

rFire    . . .     SeeInvis .     - Unarmed
rCold    . . .     Gourm    .   (shield currently unavailable)
rNeg     + + .     Faith    .   (helmet currently unavailable)
rPois    x         Spirit   .   (no amulet)
rElec    .         Reflect  .   i - ring of positive energy
rCorr    .         Harm     .   m - ring of positive energy
MR       .....                  (no ring)
Stlth    ++........             (no ring)
HPRegen  0.09/turn              (no ring)
MPRegen  0.11/turn              (no ring)
                                (no ring)
                                (no ring)

@: lethally poisoned (-6 -> -12), spider-form (expiring), barbed spikes
A: tiny, almost no armour, stealthy swim, (amphibious), 8 rings, (constrict 8)
a: End Transformation


You were on level 6 of the Dungeon.
You were hungry.
You were a venomous arachnid creature.
You visited 1 branch of the dungeon, and saw 4 of its levels.

You collected 67 gold pieces.

Inventory:

Missiles
 a - 25 arrows
Jewellery
 i - a ring of positive energy (left front leg)
 m - a ring of positive energy (right front leg)
Wands
 q - a wand of enslavement (6)
Scrolls
 b - 2 scrolls of enchant weapon {unknown}
 d - 4 scrolls of remove curse
 e - a scroll of random uselessness
 g - 5 scrolls of identify {unknown}
 h - 2 scrolls of enchant armour {unknown}
 j - 2 scrolls of fear {unknown}
 l - a scroll of teleportation {unknown}
 n - a scroll of amnesia {unknown}
Potions
 f - a potion of berserk rage {unknown}
 k - 2 potions of might {unknown}
 o - a potion of curing
 p - a potion of invisibility {unknown}
 r - 2 potions of ambrosia {unknown}
Comestibles
 c - 3 rations


   Skills:
 + Level 1.5 Fighting
 - Level 2.2 Dodging
 + Level 3.2 Unarmed Combat
 + Level 2.9 Spellcasting
 * Level 3.7 Transmutations


You had 2 spell levels left.
You knew the following spells:

 Your Spells              Type           Power        Failure   Level  Hunger
a - Beastly Appendage     Tmut           ##....       13%         1    #......
b - Sticks to Snakes      Tmut           ##......     19%         2    ##.....
c - Spider Form           Tmut/Pois      #.........   50%         3    ###....

Your spell library contained the following spells:

 Spells                   Type           Power        Failure   Level  Hunger
 Ice Form                 Ice/Tmut       #.......     85%         4    #####..
 Blade Hands              Tmut           ##........   90%         5    ######.


Dungeon Overview and Level Annotations

Branches:
Dungeon (3/15)

Altars:


Innate Abilities, Weirdness & Mutations

You cannot wear most types of armour.
You are very stealthy in the water. (Stealth+)
((You are amphibious.))
You can wear up to eight rings at the same time.
((You can use your tentacles to constrict eight enemies at once.))
((Your skin changes colour to match your surroundings (Stealth+).))
((Your rubbery body absorbs attacks. (AC +1, EV +1)))


Message History

The adder poisons you!
The centaur shoots an arrow.
The arrow completely misses you. The adder bites you.
Press: ? - help, v - describe, . - travel
Here: a manticore The floor.
You are feeling hungry.
You bite the adder!
The adder is poisoned.
The adder is almost dead.
You feel sick. The adder completely misses you.
A crimson imp comes into view.
The barbs in your skin will harm you if you move.
Continue?
The barbed spikes dig painfully into your body as you move.
* * * LOW HITPOINT WARNING * * *
You kill the adder!
The centaur shoots an arrow.
The arrow misses you.
The manticore flicks its tail.
The volley of spikes misses you.
You see here an arrow.
The barbed spikes dig painfully into your body as you move.
You die...

# ### ..
..
#..###.##
.......(#
#...#..s#
#...#^(#
..#...#(#
S#...#cH#
#...#...#
.......Y#
..#...#.#
.#.K.#..#
#..5#!..#


You could see a manticore, an ice beast and a centaur.

Vanquished Creatures
  2 gnolls (D:2)
  4 adders
  An ooze (D:2)
  A worm (D:2)
  A dart slug (D:1)
  A leopard gecko (D:2)
  6 bats
  3 giant cockroaches
  3 goblins
  3 hobgoblins
  3 kobolds
  A quokka (D:2)
  2 ball pythons (D:2)
  A frilled lizard (D:2)
  4 rats
36 creatures vanquished.

Vanquished Creatures (collateral kills)
  2 gnolls (D:2)
2 creatures vanquished.

Grand Total: 38 creatures vanquished

Notes
Turn   | Place    | Note
-------+----------+-------------------------------------------
     0 | D:1      | AlterAsc the Octopode Transmuter began the quest for the
                  | Orb.
     0 | D:1      | Reached XP level 1. HP: 13/13 MP: 3/3
   259 | D:1      | Reached XP level 2. HP: 17/18 MP: 5/5
   447 | D:2      | Learned a level 2 spell: Sticks to Snakes
   659 | D:2      | Reached XP level 3. HP: 14/23 MP: 2/6
   963 | D:2      | Learned a level 3 spell: Spider Form
  1130 | D:2      | Reached XP level 4. HP: 26/28 MP: 0/8
  1835 | D:3      | You fall into a shaft and drop 3 floors!
  1835 | D:6      | Noticed a centaur
  1836 | D:6      | Noticed a manticore
  1838 | D:6      | HP: 1/28 [manticore/volley of spikes (14)]
  1839 | D:6      | Noticed a big kobold
  1840 | D:6      | Noticed an ice beast
  1844 | D:6      | HP: 1/28 [barbs]
  1845 | D:6      | Succumbed to barbed spike wounds

Levels and vault maps discovered:
D:1:      dpeg_arrival_castle, layout_basic, grunt_decor_one_mirror
D:2:      layout_loops_ring, minmay_misc_feat_secret_circle
D:3:      layout_loops_cross, chequers_temple_overflow_minitemple,
          grunt_temple_overflow_cloverleaf, first_ration
D:6:      cheibrodos_fzero, layout_basic

Skill      XL: |  1  2  3 |
---------------+----------+-----
Transmutations | 3 |  3.7
Fighting       | |  1.5
Dodging        | |  2.2
Unarmed Combat | |  3.2
Spellcasting   | |  2.9

Action                   |  1- 3 |  4- 6 || total
-------------------------+-------+-------++-------
Melee: Unarmed           |    64 |    26 ||    90
       Constrict         |    15 |     6 ||    21
       Tentacles         |     6 |     3 ||     9
       Kick              |     1 |       ||     1
       Punch             |       |     1 ||     1
 Cast: Beastly Appendage |     4 |       ||     4
       Sticks to Snakes  |     3 |       ||     3
       Spider Form       |     1 |     1 ||     2
  Use: Scroll            |       |     2 ||     2
       Potion            |       |     2 ||     2
 Stab: Sleeping          |     4 |     2 ||     6
  Eat: Chunk             |     1 |     2 ||     3
Armor: Skin              |     9 |     8 ||    17
Dodge: Dodged            |    48 |    25 ||    73
